 Dungeon Crawl Stone Soup version 0.26.1-11-gd32895ea62 (webtiles) character file.

Game seed: 10284497737910266944

429 Zeld the Spear-Bearer (level 6, -4/47 HPs)
             Began as a Merfolk Monk on May 25, 2021.
             Killed from afar by a white imp (7 damage)
             ... with a puff of frost
             ... summoned by Natasha
             ... on level 3 of the Dungeon.
             The game lasted 00:04:03 (4222 turns).

Zeld the Spear-Bearer (Merfolk Monk)                Turns: 4222, Time: 00:04:04

Health: -4/47      AC:  3    Str: 14    XL:     6   Next: 98%
Magic:  6/6        EV: 14    Int:  9    God:
Gold:   201        SH:  0    Dex: 16    Spells: 5/5 levels left

rFire    . . .     SeeInvis .   a - +0 spear
rCold    . . .     Faith    .   (no shield)
rNeg     . . .     Spirit   .   b - +0 robe
rPois    .         Reflect  .   p - +0 helmet (curse)
rElec    .         Harm     .   (no cloak)
rCorr    .         Rampage  .   (no gloves)
Will     .....                  (no boots)
Stlth    ++........             (no amulet)
HPRegen  0.15/turn              (no ring)
MPRegen  0.10/turn              (no ring)

@: no status effects
A: change form in water, swift swim, stealthy swim
a: no special abilities


You were on level 3 of the Dungeon.
You visited 1 branch of the dungeon, and saw 3 of its levels.

You collected 201 gold pieces.

Inventory:

Hand Weapons
 a - a +0 spear (weapon)
Armour
 b - a +0 robe (worn)
 p - a cursed +0 helmet (worn)
Wands
 q - a wand of iceblast (3)
Scrolls
 g - 2 scrolls of identify {unknown}
 i - 2 scrolls of remove curse {unknown}
 j - 2 scrolls of fog {unknown}
 k - a scroll of enchant weapon {unknown}
 m - 2 scrolls of enchant armour {unknown}
 n - a scroll of teleportation {unknown}
 o - a scroll of immolation {unknown}
Potions
 c - 2 potions of brilliance {unknown}
 d - 2 potions of attraction {unknown}
 e - a potion of ambrosia {unknown}
 f - a potion of degeneration {unknown}
 h - a potion of resistance {unknown}
 l - 2 potions of curing {unknown}
 r - a potion of haste {unknown}


   Skills:
 - Level 3.2 Fighting
 * Level 10.8 Polearms
 - Level 4.0 Dodging
 - Level 2.1 Stealth


You had 5 spell levels left.
You didn't know any spells.
Your spell library contained the following spells:

 Spells                   Type           Power        Failure   Level
 Corona                   Hex            0%           38%         1
 Ensorcelled Hibernation  Hex/Ice        0%           52%         2
 Confusing Touch          Hex            0%           77%         3
 Dazzling Flash           Conj/Hex       0%           77%         3
 Tukima's Dance           Hex            0%           77%         3


Dungeon Overview and Level Annotations

Branches:
Dungeon (3/15)

Altars:

Annotations:
D:3 Natasha


Message History

You are too injured to fight recklessly!
You are too injured to fight recklessly!
You are too injured to fight recklessly!
The white imp hits you. The white imp freezes you.
* * * LOW HITPOINT WARNING * * *
Natasha closely misses you. The white imp closely misses you.
Natasha casts a spell at you. The magic dart hits you!
* * * LOW HITPOINT WARNING * * *
The white imp completely misses you. The white imp gestures at you.
The puff of frost hits you.
* * * LOW HITPOINT WARNING * * *
Natasha casts a spell.
The white imp gestures at you. The puff of frost misses you.
The white imp gestures at you. The puff of frost hits you!
You die...

# #.# #.# ####### ##.## #.#
......# #######.>.####### #.#
#####.# ..............†.# #.#
# #.#
#######....####.#####.## #.#
##.###5## #......... #.#
##.###5#.#########.## #.#
#.###.###.## #.## #.# #.##@##
##.# #.#. #.#####
#.##..###.########.##
#.....####.#.#.#...........##
#####...).....#.#############
#.######)..######## ##
#.##..###)..(..)(.######.
#......###...)......(....
#...#...##..####(#######.
#..##....#..# #.# ##


You could see 2 white imps.

Vanquished Creatures
  Grinder (D:3)
  Natasha (twice) (D:3)
  Ijyb (D:3)
  Robin (D:3)
  7 adders
  An ooze (D:3)
  2 dart slugs (D:1)
  3 leopard geckos
  An orc (D:3)
  2 ball pythons
  4 giant cockroaches
  17 goblins
  5 hobgoblins
  4 jackals (D:1)
  4 kobolds
  2 quokkas
  6 bats
  4 frilled lizards
  7 rats
74 creatures vanquished.

Notes
Turn   | Place    | Note
-------+----------+-------------------------------------------
     0 | D:1      | Zeld the Merfolk Monk began the quest for the Orb.
     0 | D:1      | Reached XP level 1. HP: 18/18 MP: 1/1
   285 | D:1      | Reached skill level 5 in Polearms
   400 | D:1      | Reached XP level 2. HP: 24/24 MP: 2/2
   840 | D:1      | Reached skill level 6 in Polearms
   840 | D:1      | Reached XP level 3. HP: 19/29 MP: 3/3
  1725 | D:2      | Reached XP level 4. HP: 35/35 MP: 4/4
  1761 | D:2      | Reached skill level 7 in Polearms
  2252 | D:3      | Noticed Natasha
  2262 | D:3      | Killed Natasha
  2267 | D:3      | Noticed Robin
  2279 | D:3      | Reached skill level 8 in Polearms
  2279 | D:3      | Reached XP level 5. HP: 27/41 MP: 5/5
  2544 | D:3      | Killed Robin
  3078 | D:3      | Noticed Grinder
  3740 | D:3      | Noticed Ijyb
  3752 | D:3      | Killed Ijyb
  3753 | D:3      | Reached skill level 9 in Polearms
  3858 | D:3      | Paralysed by Grinder for 2 turns
  3872 | D:3      | Killed Grinder
  3873 | D:3      | Reached skill level 10 in Polearms
  3873 | D:3      | Reached XP level 6. HP: 11/47 MP: 6/6
  4139 | D:3      | Noticed Natasha
  4188 | D:3      | Killed Natasha
  4201 | D:3      | Noticed Natasha
  4219 | D:3      | HP: 2/47 [white imp/puff of frost[Natasha] (5)]
  4222 | D:3      | Killed from afar by a white imp

Illustrated notes

Levels and vault maps discovered:
D:1:      dpeg_arrival_erosion, layout_loops_cross
D:2:      layout_loops_cross, st_stairs_4
D:3:      layout_loops_ring, minmay_cupped, uniq_natasha, uniq_robin, uniq_ijyb,
          uniq_grinder

Skill      XL: |  1  2  3  4  5 |
---------------+----------------+-----
Polearms       | 5 6 8 10 | 10.8
Fighting       | |  3.2
Dodging        | |  4.0
Stealth        | |  2.1

Action                   |  1- 3 |  4- 6 || total
-------------------------+-------+-------++-------
Melee: Spear             |   147 |   218 ||   365
Evoke: Wand              |       |     4 ||     4
 Stab: Sleeping          |    10 |     5 ||    15
Armor: Robe              |     6 |    12 ||    18
Dodge: Dodged            |    80 |    87 ||   167
